 Dungeon Crawl Stone Soup version 0.25.1-2-g60ff931 (webtiles) character file.

Game seed: 11130935223062169265

192374 BartimaeusCG the Severer (level 17, -9/149 HPs)
             Began as a Demonspawn Abyssal Knight on Sept 6, 2020.
             Was an Elder of Lugonu.
             Mangled by an entropy weaver (12 damage)
             ... on level 4 of the Spider Nest on Sept 7, 2020.
             The game lasted 07:18:16 (47676 turns).

BartimaeusCG the Severer (DsAK)                    Turns: 47676, Time: 07:18:16

Health: -9/149     AC: -1    Str: 18    XL:     17   Next: 60%
Magic:  18/25      EV:  6    Int: 18    God:    Lugonu [****..]
Gold:   1232       SH: 12    Dex: 13    Spells: 16/16 levels left

rFire    . . .     SeeInvis .   f - +9 broad axe (vamp) {!w}
rCold    + . .     Gourm    .   p - +0 buckler
rNeg     . . .     Faith    .   w - +6 plate armour {MR+}
rPois    +         Spirit   .   n - +0 helmet {Int+3}
rElec    .         Reflect  +   U - +0 cloak
rCorr    .         Harm     .   M - +1 pair of gloves
MR       +++..                  S - +0 pair of boots
Stlth    ..........             b - amulet of reflection
HPRegen  0.34/turn              W - ring of protection from magic
MPRegen  0.19/turn              h - ring of poison resistance

@: about to teleport, corroded
A: hooves 2, rugged brown scales 2, cold resistance 1, spiny 3, freezing cloud
immunity
}: 1/15 runes: decaying
a: Depart the Abyss, Bend Space, Banish, Corrupt, Renounce Religion


You were on level 4 of the Spider Nest.
You worshipped Lugonu.
Lugonu was greatly pleased with you.
You were not hungry.

You visited 5 branches of the dungeon, and saw 31 of its levels.
You visited the Abyss 2 times.
You visited 1 bazaar.
You also visited: Bailey and Volcano.

You collected 3231 gold pieces.
You spent 1999 gold pieces at shops.

Inventory:

Hand Weapons
 f - a +9 vampiric broad axe (weapon) {!w}
   (You bought it in a shop in a bazaar)
 m - a +0 broad axe
   (You found it on level 9 of the Dungeon)
 q - a +3 war axe of electrocution
   (You took it off an orc on level 6 of the Dungeon)
Missiles
 E - 2 silver javelins
 F - 2 throwing nets {!f}
 K - 92 poisoned darts (quivered)
Armour
 a - a +0 tower shield
   (You took it off a wight on level 9 of the Dungeon)
 n - a +0 helmet of intelligence (worn)
   (You bought it in a shop on level 2 of the Orcish Mines)
 p - a +0 buckler (worn)
   (You took it off an orc priest on level 6 of the Dungeon)
 w - a +6 plate armour of magic resistance (worn)
   (You took it off Saint Roka on level 2 of the Orcish Mines)
 M - a +1 pair of gloves (worn)
   (You found it on level 3 of the Swamp)
 S - a +0 pair of boots (worn)
   (You found it on level 3 of the Spider Nest)
 U - a +0 cloak (worn)
   (You took it off Maurice on level 9 of the Dungeon)
Jewellery
 b - an amulet of reflection (around neck)
   (You bought it in a shop on level 2 of the Orcish Mines)
 h - a ring of poison resistance (right hand)
   (You found it on level 10 of the Dungeon)
 i - an uncursed ring of protection from fire
   (You found it on level 11 of the Dungeon)
 j - an uncursed ring of flight
   (You found it on level 3 of the Dungeon)
 l - an uncursed ring of protection from magic
   (You found it on level 7 of the Dungeon)
 o - an uncursed ring of protection from cold
   (You found it on level 1 of the Lair of Beasts)
 z - an uncursed ring of see invisible
   (You found it on level 4 of the Swamp)
 O - an uncursed amulet of the acrobat
   (You found it on level 15 of the Dungeon)
 W - a ring of protection from magic (left hand)
   (You found it on level 4 of the Lair of Beasts)
 Y - an uncursed ring of resist corrosion
   (You found it on level 1 of the Swamp)
Wands
 c - a wand of disintegration (10)
   (You found it on level 4 of the Lair of Beasts)
 d - a wand of iceblast (6)
   (You found it on level 3 of the Spider Nest)
 t - a wand of flame (28)
   (You found it on level 4 of the Dungeon)
 u - a wand of paralysis (24)
   (You found it on level 5 of the Lair of Beasts)
 v - a wand of digging (16)
   (You found it on level 7 of the Dungeon)
 x - a wand of acid (7)
   (You took it off an orc wizard on level 6 of the Dungeon)
 I - a wand of polymorph (26)
   (You found it on level 6 of the Dungeon)
 Q - a wand of enslavement (9)
   (You found it on level 6 of the Dungeon)
 R - a wand of clouds (8)
   (You took it off Maurice on level 9 of the Dungeon)
Scrolls
 g - a scroll of enchant weapon
 s - 2 scrolls of identify {@r1}
 y - 5 scrolls of immolation {!r}
 B - 9 scrolls of remove curse {@r2}
 G - 11 scrolls of teleportation {@r4}
 J - 4 scrolls of blinking
 L - a scroll of vulnerability {!r}
 V - a scroll of summoning
Potions
 k - 6 potions of magic
 r - 9 potions of curing {@q1}
 D - 6 potions of might
 H - a potion of berserk rage
 N - 3 potions of mutation {!q}
 T - 4 potions of lignification {!q}
 X - 6 potions of haste {@q3}
Miscellaneous
 A - a phial of floods
   (You found it on level 12 of the Dungeon)
 Z - a box of beasts
Comestibles
 e - 38 rations {!d}
 C - a chunk of flesh


   Skills:
 - Level 15.5 Fighting
 - Level 18.0 Axes
 + Level 11.8 Armour
 - Level 0.8 Dodging
 + Level 11.7 Shields
 - Level 11.1 Invocations
 - Level 9.6 Evocations


You had 16 spell levels left.
You didn't know any spells.
Your spell library contained the following spells:

 Spells                   Type           Power        Failure   Level  Hunger
 Animate Skeleton         Necr           N/A          99%         1    ##.....
 Freeze                   Ice            #...         99%         1    ##.....
 Magic Dart               Conj           #...         99%         1    ##.....
 Pain                     Necr           #...         99%         1    ##.....
 Summon Butterflies       Summ           #.......     99%         1    ##.....
 Blink                    Tloc           N/A          99%         2    ###....
 Call Imp                 Summ           #.......     99%         2    ###....
 Corpse Rot               Necr/Air       N/A          99%         2    ###....
 Searing Ray              Conj           #.....       99%         2    ###....
 Shroud of Golubria       Chrm/Tloc      #.....       99%         2    ###....
 Slow                     Hex            #.......     99%         2    ###....
 Sublimation of Blood     Necr           #.........   99%         2    ###....
 Call Canine Familiar     Summ           #.......     100%        3    ####...
 Confusing Touch          Hex            #.......     100%        3    ####...
 Conjure Flame            Conj/Fire      #.......     100%        3    ####...
 Dazzling Flash           Conj/Hex       #.....       100%        3    ####...
 Frozen Ramparts          Ice            #.....       100%        3    ####...
 Gell's Gravitas          Tloc           #.........   100%        3    ####...
 Lesser Beckoning         Tloc           #.........   100%        3    ####...
 Mephitic Cloud           Conj/Pois/Air  #.......     100%        3    ####...
 Ozocubu's Armour         Chrm/Ice       #.......     100%        3    ####...
 Teleport Other           Tloc           #.......     100%        3    ####...
 Vampiric Draining        Necr           #.........   100%        3    ####...
 Animate Dead             Necr           N/A          100%        4    #####..
 Cause Fear               Hex            #.........   100%        4    #####..
 Dispel Undead            Necr           #.......     100%        4    #####..
 Fulminant Prism          Conj/Hex       #.........   100%        4    #####..
 Hailstorm                Conj/Ice       #.......     100%        4    #####..
 Ice Form                 Ice/Tmut       #.......     100%        4    #####..
 Iskenderun's Mystic Bla  Conj/Tloc      #.......     100%        4    #####..
 Passage of Golubria      Tloc           N/A          100%        4    #####..
 Petrify                  Tmut/Erth      #.......     100%        4    #####..
 Summon Ice Beast         Ice/Summ       #.......     100%        4    #####..
 Agony                    Necr           #.......     100%        5    ######.
 Bolt of Magma            Conj/Fire/Erth #.........   100%        5    ######.
 Excruciating Wounds      Chrm/Necr      #.........   100%        5    ######.
 Iskenderun's Battlesphe  Conj/Chrm      #.......     100%        5    ######.
 Metabolic Englaciation   Hex/Ice        #.........   100%        5    ######.
 Silence                  Hex/Air        #.........   100%        5    ######.
 Summon Mana Viper        Hex/Summ       #.......     100%        5    ######.
 Yara's Violent Unravell  Hex/Tmut       #.........   100%        5    ######.
 Freezing Cloud           Conj/Ice/Air   #.........   100%        6    #######
 Iron Shot                Conj/Erth      #.........   100%        6    #######
 Ozocubu's Refrigeration  Ice            #.........   100%        6    #######
 Simulacrum               Ice/Necr       #.........   100%        6    #######
 Orb of Destruction       Conj           #.........   100%        7    #######
 Spellforged Servitor     Conj/Summ      #.........   100%        7    #######
 Summon Hydra             Summ           #.........   100%        7    #######
 Discord                  Hex            #.........   100%        8    #######


Dungeon Overview and Level Annotations

Branches:
Dungeon (15/15)            Temple (0/1) D:4            Lair (6/6) D:9
  Swamp (4/4) Lair:2       Spider (4/4) Lair:4        Slime (0/5) Lair:6
    Orc (2/2) D:12            Elf (0/3) Orc:2        Vaults (0/5) D:13
 Depths (0/5) D:15         Bailey (visited)         Volcano (visited)

Altars:
Ashenzari
Cheibriados
Fedhas
Gozag
Hepliaklqana
Makhleb
Okawaru
Qazlal
Ru
Wu Jian
Xom
Yredelemnul
Beogh

Shops:
D:6 :   D:11 ?   D:12 (   D:14 (   D:15 *   Orc:2 *([=

Annotations:
D:12 3 runed translucent doors, exclusions: 2 doors and obsidian statue, Frances; Onypitud's ghost, journeyman DDFi
Lair:1 exclusion: oklob plant
Lair:6 1 runed translucent door, exclusion: door, Daunt's ghost, journeyman HuNe
Spider:2 exclusion: moth of wrath, Bai Suzhen
Spider:4 Louise
Abyss:1 Nergalle


Innate Abilities, Weirdness & Mutations

You have hoof-like feet.
You are mostly covered in rugged brown scales. (AC +2, +5% HP)
Your flesh is cold resistant. (rC+)
You are completely covered in sharp spines.
You are immune to freezing clouds.


Message History

Space bends around you!
You blink.
Space bends around you!
You blink.
The entropy weaver casts a spell.
The entropic weave corrodes you! Space bends around you!
You blink.
Louise shouts!
Louise points at you and mumbles some strange words.
The sting hits you.
You are poisoned.
You partially resist.
* * * LOW HITPOINT WARNING * * *
To return, you must find a gate leading back.
Killing monsters will force the Abyss to allow you passage.
This branch contains the abyssal rune of Zot.
Level annotation: Nergalle You are feeling hungry.
Lugonu is no longer ready to corrupt your weapon.
You feel sick.
Eat one of 2 chunks of flesh? (ye/n/q)
Okay, then.
You feel better.
You start resting.
Eating one of 2 chunks of flesh.
You eat one of the 2 chunks of flesh.
The shambling mangrove is too close now for your liking.
Okay, then.
Okay, then.
Okay, then.
Aim: a shambling mangrove (wandering, hasn't noticed you, chance to defeat MR: 10%)
Okay, then.
Okay, then.
Okay, then.
Here: a shambling mangrove (wandering, hasn't noticed you)
The floor.
As you read the scroll of teleportation {@r4}, it crumbles to dust.
You feel strangely unstable.
You feel the power of the Abyss delaying your translocation!
Found a gateway leading deeper into the Abyss.
You pass through the gate.
Welcome back to the Spider Nest!
Level annotation: Louise You can no longer gate yourself to the Abyss.
The entropy weaver is struck by your spines.
The entropy weaver hits you.
* * * LOW HITPOINT WARNING * * *
The entropy weaver hits you!
* * * LOW HITPOINT WARNING * * *
The entropy weaver hits you!
* * * LOW HITPOINT WARNING * * *
You block the entropy weaver's attack. x2; The entropy weaver hits you!
You die...

#^...†....###
##..#.......####
###..#.#..#...#.###
#..^.######.....#^##
#......# ##....#..##
#..#...# ##.......#
####..^# #......##
#^....# #.a.....#
#.....# #..@...^#
###..## ###....###
#...## #^#...##
##...## ##.....#
##<.^# #....^##
#....# ##....#
###....# #...@#
#.....## #^."##
####...## .....


You could see Louise and an entropy weaver.

Vanquished Creatures
  Saint Roka (Orc:2)
  Arachne (Spider:3)
  Jorgrun (Swamp:3)
  4 thorn hunters
  Donald (Swamp:2)
  An emperor scorpion (Spider:1)
  3 entropy weavers
  A vampire knight (Swamp:4)
  Nessos (D:12)
  A spark wasp (Spider:3)
  A fire dragon (D:15)
  Josephine (Lair:6)
  Fannar (D:12)
  2 catoblepae
  An ice dragon (D:15)
  2 shambling mangroves (Swamp:4)
  A centaur warrior (D:14)
  A tengu warrior (D:15)
  A deep troll shaman (Lair:6)
  2 dancing weapons (D:13)
  5 two-headed ogres
  14 alligators
  4 death yaks (Lair:6)
  2 orc high priests
  12 skeletal warriors
  A fire crab (Spider:2)
  12 swamp dragons
  2 spriggan druids (Swamp:4)
  A wizard (D:15)
  A phantasmal warrior (Swamp:4)
  2 spectral hydras (Swamp:4)
  6 orc knights
  2 lindwurms (Lair:6)
  A deep elf mage (D:13)
  The ghost of epsilon the Chiller, a novice DrIE (D:6)
  24 wolf spiders
  7 orb spiders
  17 ugly things
  A wolf spider zombie (D:15)
  6 orc sorcerers
  A moth of wrath (Spider:2)
  2 cyclopes
  A manticore (D:14)
  3 centaur zombies
  10 elephants
  5 black mambas
  Maurice (D:9)
  2 torpor snails
  18 spiny frogs
  2 gargoyles
  Maggie (D:9)
  2 kobold demonologists
  3 komodo dragons
  An efreet (D:15)
  A komodo dragon (shapeshifter) (D:14)
  12 demonic crawlers
  3 hydra zombies (Swamp:4)
  32 jumping spiders
  12 trolls
  A tengu conjurer (D:15)
  A polar bear (Lair:6)
  7 tyrant leeches
  Prince Ribbit (D:6)
  2 death drake zombies (Swamp:4)
  A harpy skeleton (D:15)
  10 blink frogs
  4 hornets
  3 death drake skeletons (Swamp:4)
  4 bog bodies
  A meliai zombie (D:14)
  12 slime creatures
  9 hippogriffs
  A spriggan (Lair:5)
  19 tarantellas
  45 redbacks
  3 shadows
  A human (D:7)
  A vampire (D:13)
  Eustachio (D:4)
  7 wraiths
  43 yaks
  4 hogs (D:7)
  6 fire bats
  8 wyverns
  5 basilisks
  A hog (shapeshifter) (D:13)
  11 vampire mosquitoes
  Menkaure (D:4)
  A steam dragon (Lair:3)
  2 hungry ghosts
  2 wargs
  The ghost of ubername the Slinger, an amateur HaHu of Okawaru (D:4)
  4 hydra simulacra (Swamp:4)
  12 swamp worms
  4 porcupines
  9 water moccasins
  27 orc warriors
  5 swamp drakes
  6 ice beasts
  7 sky beasts
  3 eyes of draining
  2 black bears
  12 centaurs
  14 ogres
  11 wolves
  A swamp dragon skeleton (Swamp:4)
  11 crocodiles
  4 big kobolds
  23 bullfrogs
  Blork the orc (Orc:2)
  A wyvern zombie (D:14)
  A wyvern skeleton (D:10)
  5 scorpions
  11 killer bees
  4 electric eels
  6 wights
  4 howler monkeys
  4 jellies
  6 crimson imps
  2 bullfrog zombies
  10 hounds
  2 quasits
  17 orc priests
  27 orc wizards
  2 bullfrog skeletons
  6 centaur skeletons
  An iguana (D:10)
  12 worker ants
  A hound zombie (D:6)
  A hound skeleton (D:6)
  A worker ant zombie (D:11)
  16 gnolls
  20 adders
  2 shadow imps
  4 oozes
  2 adder skeletons
  2 worms (D:2)
  4 dart slugs
  6 leopard geckos
  78 orcs
  2 ball pythons
  7 giant cockroaches
  13 goblins
  14 hobgoblins
  20 jackals
  35 kobolds
  4 quokkas
  6 bats
  4 frilled lizards
  2 quokka zombies (D:6)
  5 rats
  7 briar patches (Swamp:4)
  4 fungi
  21 plants
1038 creatures vanquished.

Vanquished Creatures (others)
  A vampire knight (Swamp:4)
  5 hydras
  A shambling mangrove (Swamp:4)
  A two-headed ogre (D:9)
  2 flayed ghosts (Swamp:4)
  A wolf spider (Spider:1)
  An oklob plant (Swamp:4)
  A gargoyle (D:14)
  A jumping spider (Spider:4)
  2 hydra zombies (Swamp:4)
  5 dream sheep (Lair:1)
  An orc wizard (D:6)
  2 briar patches (Swamp:4)
  3 fungi
  20 plants
47 creatures vanquished.

Grand Total: 1085 creatures vanquished

Notes
Turn   | Place    | Note
-------+----------+-------------------------------------------
     0 | Abyss:1  | BartimaeusCG the Demonspawn Abyssal Knight began the quest
                  | for the Orb.
     0 | Abyss:1  | Reached XP level 1. HP: 18/18 MP: 2/2
    38 | Abyss:1  | Noticed a thrashing horror
    39 | D:1      | Escaped the Abyss
   261 | D:1      | Reached skill level 2 in Axes
   273 | D:1      | Gained mutation: You are partially covered in rugged brown
                  | scales. (AC +1, +3% HP) [demonic ancestry]
   273 | D:1      | Reached XP level 2. HP: 15/24 MP: 3/3
   424 | D:1      | Reached * piety under Lugonu
  1034 | D:1      | Reached XP level 3. HP: 30/30 MP: 4/4
  1611 | D:2      | Gained mutation: You are partially covered in sharp spines.
                  | [demonic ancestry]
  1611 | D:2      | Reached XP level 4. HP: 37/39 MP: 5/5
  2175 | D:3      | Reached ** piety under Lugonu
  2309 | D:3      | Reached skill level 5 in Fighting
  2309 | D:3      | Reached skill level 3 in Axes
  2309 | D:3      | Reached XP level 5. HP: 42/45 MP: 6/6
  2672 | D:3      | Reached XP level 6. HP: 53/53 MP: 7/7
  2735 | D:4      | Noticed Menkaure
  2788 | D:4      | Found a snail-covered altar of Cheibriados.
  2939 | D:4      | Found a runed translucent door.
  2939 | D:4      | Noticed ubername's ghost (amateur HaHu)
  3032 | D:4      | Reached skill level 4 in Axes
  3189 | D:4      | Noticed Eustachio
  3202 | D:5      | Entered Level 5 of the Dungeon
  3280 | D:5      | Noticed an ice beast
  3703 | D:5      | Gained mutation: You have large cloven feet. [demonic
                  | ancestry]
  3703 | D:5      | Reached XP level 7. HP: 57/60 MP: 8/8
  3732 | D:4      | Killed Menkaure
  3942 | D:4      | Killed Eustachio
  4550 | D:4      | Found a staircase to the Ecumenical Temple.
  4564 | D:4      | Reached skill level 5 in Axes
  4646 | D:4      | Gained mutation: You are mostly covered in sharp spines.
                  | [demonic ancestry]
  4646 | D:4      | Reached XP level 8. HP: 68/70 MP: 10/10
  4813 | D:4      | Killed ubername's ghost
  4889 | D:5      | Found an ornate altar of the Wu Jian Council.
  4949 | D:5      | Reached *** piety under Lugonu
  5856 | D:6      | Reached skill level 5 in Invocations
  6197 | D:6      | Reached skill level 6 in Axes
  6372 | D:6      | Reached XP level 9. HP: 63/80 MP: 13/13
  6799 | D:6      | Found Houdwuw's Book Shop.
  6863 | D:6      | Found a runed translucent door.
  6886 | D:6      | Reached skill level 10 in Fighting
  6958 | D:6      | Noticed Prince Ribbit
  7013 | D:6      | Killed Prince Ribbit
  7230 | D:6      | Reached **** piety under Lugonu
  7484 | D:6      | Noticed epsilon's ghost (novice DrIE)
  7501 | D:6      | Killed epsilon's ghost
  7501 | D:6      | Reached skill level 7 in Axes
  7610 | D:7      | Found a flagged portal.
  7662 | Bailey   | Entered a bailey
  8154 | Bailey   | HP: 3/80 [gnoll/+0 halberd of electrocution (19)]
  8833 | D:7      | Reached ***** piety under Lugonu
  8833 | D:7      | Reached skill level 8 in Axes
  8846 | D:7      | Gained mutation: Your flesh is cold resistant. (rC+)
                  | [demonic ancestry]
  8846 | D:7      | Reached XP level 10. HP: 81/87 MP: 16/16
  9126 | D:7      | Reached skill level 10 in Invocations
  9328 | D:7      | Found an iron altar of Okawaru.
  9749 | D:8      | Found a basalt altar of Yredelemnul.
  9794 | D:8      | Found a hazy altar of Hepliaklqana.
 10339 | D:9      | Found a staircase to the Lair.
 10345 | D:9      | Reached skill level 9 in Axes
 10768 | D:9      | Noticed Maurice
 10832 | D:9      | Killed Maurice
 10976 | D:9      | Found a burning altar of Makhleb.
 10983 | D:9      | Noticed Maggie
 11111 | D:9      | Killed Maggie
 11158 | D:9      | Reached skill level 5 in Armour
 11158 | D:9      | Reached skill level 5 in Shields
 11158 | D:9      | Gained mutation: You are mostly covered in rugged brown
                  | scales. (AC +2, +5% HP) [demonic ancestry]
 11158 | D:9      | Reached XP level 11. HP: 87/94 MP: 19/19
 11297 | D:9      | Noticed a two-headed ogre
 11313 | D:9      | Banished a two-headed ogre
 11313 | D:9      | Reached skill level 10 in Axes
 11847 | D:10     | Entered Level 10 of the Dungeon
 11908 | D:10     | Noticed an orc knight
 11933 | D:10     | Killed an orc knight
 12196 | D:10     | Identified a scroll of acquirement
 12196 | D:10     | Noticed Nergalle
 12204 | D:10     | Banished Nergalle
 12316 | D:10     | Gained mutation: You have hoof-like feet. [demonic
                  | ancestry]
 12316 | D:10     | Reached XP level 12. HP: 101/101 MP: 20/20
 12324 | D:10     | Reached skill level 11 in Axes
 12967 | Lair:1   | Entered Level 1 of the Lair of Beasts
 13216 | Lair:1   | Found a shimmering altar of Xom.
 13917 | Lair:2   | Reached skill level 12 in Axes
 14099 | Lair:2   | Found a staircase to the Swamp.
 14482 | Lair:2   | Found a dark tunnel.
 14493 | Volcano  | Entered a volcano
 15266 | Lair:3   | Acquired a manual of Fighting
 15725 | Lair:3   | Found a stormy altar of Qazlal.
 15781 | Lair:2   | Reached skill level 13 in Axes
 16491 | Lair:4   | Found a hole to the Spider Nest.
 17348 | Lair:4   | Gained mutation: You are immune to freezing clouds.
                  | [demonic ancestry]
 17348 | Lair:4   | Reached XP level 13. HP: 75/111 MP: 21/21
 18596 | Lair:4   | Reached skill level 14 in Axes
 20072 | Lair:6   | Entered Level 6 of the Lair of Beasts
 20602 | Lair:6   | Noticed Josephine
 20624 | Lair:6   | Killed Josephine
 20947 | Lair:6   | Reached skill level 15 in Axes
 21506 | Lair:6   | Got an ichor-stained longbow
 21525 | Lair:6   | Identified the +3 longbow of Valour {freeze, +Inv rPois
                  | Int-2} (You found it on level 6 of the Lair of Beasts)
 22348 | Lair:6   | Found a runed translucent door.
 22349 | Lair:6   | Noticed Daunt's ghost (journeyman HuNe)
 22570 | Lair:6   | Found a staircase to the Slime Pits.
 23027 | D:11     | Found a shattered altar of Ashenzari.
 23240 | D:11     | Gained mutation: You are completely covered in sharp
                  | spines. [demonic ancestry]
 23240 | D:11     | Reached XP level 14. HP: 126/126 MP: 22/22
 23667 | D:11     | Found Umys's Magic Scroll Boutique.
 24183 | D:12     | Found a staircase to the Orcish Mines.
 24218 | D:12     | Noticed Frances
 24231 | Orc:1    | Entered Level 1 of the Orcish Mines
 24553 | Orc:1    | Reached skill level 16 in Axes
 24986 | Orc:2    | Entered Level 2 of the Orcish Mines
 24988 | Orc:2    | Found a flickering gateway to a bazaar.
 25046 | Bazaar   | Entered a bazaar
 25078 | Bazaar   | Found Nebleus's Weapon Emporium.
 25101 | Bazaar   | Found Uggeidax's General Store.
 25116 | Bazaar   | Found Yplimn's Gadget Shop.
 25136 | Bazaar   | Found Raot Keo's Antique Weapon Shoppe.
 25145 | Bazaar   | Found Ebliu's Gadget Shop.
 25186 | Bazaar   | Bought a wand of clouds (5) for 351 gold pieces
 25186 | Bazaar   | Bought a wand of clouds (4) for 312 gold pieces
 25186 | Bazaar   | Bought a wand of acid (6) for 260 gold pieces
 25231 | Bazaar   | Bought a potion of curing for 33 gold pieces
 25231 | Bazaar   | Bought a wand of acid (10) for 308 gold pieces
 25231 | Bazaar   | Bought a scroll of teleportation for 33 gold pieces
 25249 | Bazaar   | Bought a +0 vampiric broad axe for 140 gold pieces
 25545 | Orc:2    | Found a staircase to the Elven Halls.
 25583 | Orc:2    | Reached skill level 1 in Evocations
 25876 | Orc:2    | Reached skill level 15 in Fighting
 26087 | Orc:2    | Noticed Saint Roka
 26279 | Orc:2    | Reached ****** piety under Lugonu
 26350 | Orc:2    | Killed Saint Roka
 27057 | Orc:2    | Found a roughly hewn altar of Beogh.
 27057 | Orc:2    | Noticed Blork the orc
 27084 | Orc:1    | Reached skill level 5 in Evocations
 27543 | Orc:2    | Killed Blork the orc
 27569 | Orc:2    | Found Belaoss's Antique Weapon Shop.
 28046 | Orc:2    | Found Nyteehitt's General Store.
 28068 | Orc:2    | Found Tyodepn's Antique Armour Shop.
 28072 | Orc:2    | Found Ikown's Jewellery Shop.
 28953 | Orc:2    | Bought an uncursed amulet of reflection for 360 gold pieces
 28987 | Orc:2    | Bought a shiny helmet for 202 gold pieces
 29338 | D:12     | Noticed Fannar
 29353 | D:12     | Killed Fannar
 29546 | D:12     | Found a runed translucent gate.
 29547 | D:12     | Found a runed translucent gate.
 29548 | D:12     | Found a runed translucent gate.
 29549 | D:12     | Found an opulent altar of Gozag.
 29551 | D:12     | Noticed Onypitud's ghost (journeyman DDFi)
 29552 | D:12     | Noticed a war gargoyle
 29657 | D:12     | Noticed Nessos
 29661 | D:12     | Found Ziseon's Antique Weapon Shoppe.
 29667 | D:12     | Killed Nessos
 29731 | D:12     | Noticed a fire giant
 30355 | D:13     | Reached XP level 15. HP: 80/135 MP: 19/23
 30611 | D:13     | Found a gate to the Vaults.
 31139 | D:14     | Found Jifeidghy's Antique Weapon Emporium.
 31376 | D:14     | Reached skill level 17 in Axes
 31895 | D:15     | Entered Level 15 of the Dungeon
 31897 | D:15     | Found Xutelula's General Store.
 31977 | D:15     | Found a sacrificial altar of Ru.
 32855 | D:15     | Found a staircase to the Depths.
 33443 | Spider:1 | Entered Level 1 of the Spider Nest
 33873 | Spider:1 | Reached skill level 18 in Axes
 35813 | Swamp:1  | Entered Level 1 of the Swamp
 35816 | Swamp:1  | Reached XP level 16. HP: 142/142 MP: 15/24
 37248 | Swamp:2  | Noticed Donald
 37267 | Swamp:2  | Killed Donald
 38111 | Swamp:3  | Noticed a thorn hunter
 38126 | Swamp:3  | Killed a thorn hunter
 38512 | Swamp:3  | Noticed Jorgrun
 38532 | Swamp:3  | Killed Jorgrun
 38825 | Swamp:4  | Entered Level 4 of the Swamp
 39285 | Swamp:4  | Noticed a thorn hunter
 39297 | Swamp:4  | Killed a thorn hunter
 40813 | Swamp:4  | Noticed a thorn hunter
 42024 | Swamp:4  | Reached skill level 10 in Armour
 42110 | Swamp:4  | Killed a thorn hunter
 42468 | Swamp:4  | Reached skill level 10 in Shields
 42475 | Swamp:4  | Found a blossoming altar of Fedhas.
 42478 | Swamp:4  | Noticed a thorn hunter
 42478 | Swamp:4  | an oklob plant changed into a thorn hunter
 42492 | Swamp:4  | Killed a thorn hunter
 42664 | Swamp:4  | Reached XP level 17. HP: 132/149 MP: 25/25
 42737 | Swamp:4  | Found a basalt altar of Yredelemnul.
 42750 | Swamp:4  | Got a decaying rune of Zot
 44820 | Spider:3 | Noticed Arachne
 45516 | Spider:3 | Killed Arachne
 46123 | Spider:4 | Entered Level 4 of the Spider Nest
 46374 | Spider:4 | Noticed Bai Suzhen
 47606 | Spider:4 | Noticed Louise
 47676 | Spider:4 | Escaped the Abyss
 47676 | Spider:4 | HP: 3/149 [entropy weaver (12)]
 47676 | Spider:4 | Mangled by an entropy weaver

Illustrated notes

Levels and vault maps discovered:
D:1:      dpeg_arrival_oval, layout_basic, kennysheep_nondescript, hex_tiny,
          st_stairs_10, minivault_5, minmay_box_of_dots
D:2:      layout_rooms, grunt_decor_mini_mirrors, minmay_door_square,
          minmay_goblin_kobold_house
D:3:      layout_rooms
D:4:      layout_rooms, lemuel_coloured_pillars_altar, temple_doors_e,
          first_ration, hellmonk_ghost_happy_afterlife, uniq_eustachio,
          uniq_menkaure
D:5:      layout_loops_ring, kennysheep_mini_moat, st_stairs_7
D:6:      cheibrodos_fzero, layout_gridville, ebering_ghost_sewer_d,
          serial_shops, nicolae_shop_waterfront, minmay_pentangle,
          uniq_prince_ribbit1
D:7:      layout_cave_pools, marbit_many_paths, enter_bailey_6, grunt_livestock,
          minmay_fractal_squares_gapless_5
D:8:      layout_rooms, lemuel_doored_altar, nicolae_overflow_crystal_walls
D:9:      layout_cave_pools, lemuel_round_altar, lair_entry_dummy, uniq_maurice,
          uniq_maggie
D:10:     hangedman_cross_stitches, layout_loops_ring, uniq_nergalle
D:11:     layout_basic, serial_glass, glass_columns_c, glass_columns_b,
          basic_altar, serial_shops, nicolae_shop_waterfront
D:12:     layout_small_grid, orc_0_dummy, ebering_ghost_gozag, serial_shops,
          nicolae_shop_trees, kennysheep_four_rooms, uniq_fannar, uniq_frances,
          uniq_nessos
D:13:     layout_loops_cross, erik_vaults_1
D:14:     layout_rooms, minivault_11, serial_shops, shop_fountains
D:15:     grunt_enter_depths_hoard, layout_basic, serial_shops,
          nicolae_shop_temple_entry_statues_fountains, basic_altar,
          serial_park_avenue1
Lair:1:   layout_roguey, serial_bayou_pond_b, kb_xom_exploding_sheep,
          minmay_lair_oklob_chamber, serial_bayou_shore_b, lemuel_fruit_fields
Lair:2:   layout_roguey, swamp_mist_pool, nicolae_volcano_entry_batcave,
          lemuel_another_geyser
Lair:3:   layout_big_grid, basic_altar, worms_lemuel
Lair:4:   layout_loops_ring, spider_nest_entry_web_field, st_stairs_4,
          minivault_26, beast_lair_carwin_4, serial_bayou_shore_a,
          serial_bayou_shore_b
Lair:5:   layout_regular_city, wad_woods_03
Lair:6:   grunt_lair_end_beastmaster, layout_cellular_growth,
          dpeg_slime_entry_corner, ebering_ghost_inner_flame, uniq_josephine
Swamp:1:  layout_basic_swamp, nicolae_swamp_feature_on_the_river_bank
Swamp:2:  layout_basic_swamp, serial_swamp_ruin, evilmike_swamp_ruin_house_6,
          evilmike_swamp_ruin_house_1, uniq_donald
Swamp:3:  layout_basic_swamp, nicolae_swamp_fairy_circle,
          nicolae_swamp_trees_clearing, swamp_pool1, uniq_jorgrun
Swamp:4:  byrel_swamp_growth_death_and_undeath, layout_basic_swamp
Spider:1: layout_spider_delve
Spider:2: layout_spider_delve
Spider:3: layout_spider_delve, uniq_arachne
Spider:4: spider_rune_water, uniq_bai_suzhen, uniq_louise
Orc:1:    layout_diamond_mine
Orc:2:    grunt_orc_cross, layout_diamond_mine, serial_shops, bzr_entry_lakeside

Skill      XL: |  1  2  3  4  5  6  7  8  9 10 11 12 13 14 15 16 17 |
---------------+----------------------------------------------------+-----
Axes           | 2 3 4 5 6 8 9 10 13 15 16 18 | 18.0
Fighting       | 4 5 6 8 9 10 11 14 15 | 15.5
Invocations    | 5 9 11 | 11.1
Armour         | 5 6 10 11 | 11.8
Shields        | 5 6 10 11 | 11.7
Evocations     | 7 9 |  9.6
Dodging        | |  0.8

Action                   |  1- 3 |  4- 6 |  7- 9 | 10-12 | 13-15 | 16-18 || total
-------------------------+-------+-------+-------+-------+-------+-------++-------
Melee: Hand axe          |    92 |   153 |   183 |       |       |       ||   428
       Kick              |       |       |    68 |    87 |   419 |   171 ||   745
       War axe           |       |       |   109 |   440 |   724 |       ||  1273
       Broad axe         |       |       |       |       |   651 |   804 ||  1455
Throw: Boomerang         |    21 |    13 |     6 |       |       |     1 ||    41
       Dart              |       |     4 |    23 |       |    17 |    14 ||    58
       Javelin           |       |       |     3 |       |       |       ||     3
       Throwing net      |       |       |       |       |       |     4 ||     4
Invok: Depart the Abyss  |     1 |       |       |       |       |     1 ||     2
       Bend Space        |       |       |     1 |       |     1 |     8 ||    10
       Banish            |       |       |       |     5 |    14 |    16 ||    35
       Enter the Abyss   |       |       |       |       |       |     1 ||     1
Evoke: Wand              |       |       |     9 |     3 |    18 |    51 ||    81
  Use: Scroll            |     5 |     6 |     7 |    12 |    19 |    16 ||    65
       Potion            |       |       |     3 |     4 |     3 |     7 ||    17
 Stab: Confused          |       |       |       |       |     6 |       ||     6
       Paralysed         |       |       |       |       |       |     2 ||     2
  Eat: Chunk             |     2 |     7 |    16 |    22 |    43 |    17 ||   107
       Ration            |       |       |       |     2 |     6 |     8 ||    16
Armor: Leather armour    |    28 |    40 |   107 |    31 |       |       ||   206
       Swamp dragon scal |       |       |       |   107 |   212 |       ||   319
       Skin              |       |       |       |     5 |       |       ||     5
       Plate armour      |       |       |       |       |   342 |   584 ||   926
Dodge: Dodged            |    46 |    77 |   173 |   198 |   291 |   161 ||   946
Block: Buckler           |       |       |       |       |   278 |   392 ||   670
       Reflection        |       |       |       |       |    24 |    16 ||    40
